 Dungeon Crawl Stone Soup version 0.18-a0-1157-g59db91b (webtiles) character file.

2396 Trivium the Cleaver (level 9, -5/86 HPs)
             Began as a Hill Orc Fighter on Jan 23, 2016.
             Was a Follower of Okawaru.
             Slain by an orc warrior
             ... wielding a +0 short sword
              (12 damage)
             ... on level 7 of the Dungeon.
             The game lasted 00:09:56 (6237 turns).

Trivium the Cleaver (Hill Orc Fighter)              Turns: 6237, Time: 00:09:57

Health: -5/86      AC: 14    Str: 24    XL:     9   Next: 46%
Magic:  18/18      EV:  7    Int:  8    God:    Okawaru [*.....]
Gold:   358        SH: 11    Dex: 11    Spells: 0 memorised, 8 levels left

rFire  . . .     SeeInvis .     D - +0 broad axe
rCold  . . .     Gourm    .     j - +0 chain mail
rNeg   . . .     Faith    .     c - +0 shield
rPois  .         Spirit   .     (no helmet)
rElec  .         Dismiss  .     u - +1 cloak
rCorr  .         Reflect  .     (no gloves)
SustAt .         Harm     .     e - +1 pair of boots
MR     .....                    (no amulet)
Stlth  ..........               z - +3 ring of strength
                                h - ring of magical power

@: about to teleport, not resistant to hostile enchantments, extremely
unstealthy
A: robust 1, subdued magic 1
a: Heroism, Renounce Religion, Convert to Beogh


You were on level 7 of the Dungeon.
You worshipped Okawaru.
Okawaru was aware of your devotion.
You were very hungry.

You visited 2 branches of the dungeon, and saw 8 of its levels.

You collected 358 gold pieces.

Inventory:

Hand Weapons
 D - a +0 broad axe (weapon)
Armour
 b - a +0 scale mail
 c - a +0 shield (worn)
 e - a +1 pair of boots (worn)
 j - a +0 chain mail (worn)
 u - a +1 cloak (worn)
Jewellery
 h - a ring of magical power (left hand)
 z - a +3 ring of strength (right hand)
Wands
 m - a wand of lightning (0/15)
 y - a wand of draining (7/15)
 E - a wand of cold (6/15)
Scrolls
 g - 2 scrolls of remove curse
 k - a scroll of fear
 l - 3 scrolls of identify
 o - a scroll of teleportation
 x - 2 scrolls of silence
Potions
 d - 3 potions of might
 q - 2 potions of poison
 r - a potion of cancellation
 s - a potion of heal wounds
 w - a potion of flight
 A - a potion of magic
Comestibles
 f - 3 bread rations
 i - 2 fruits
 C - a royal jelly
 G - a beef jerky


   Skills:
 + Level 7.1 Fighting
 * Level 10.5 Axes
 + Level 6.0 Armour
 + Level 2.7 Dodging
 + Level 0.1 Stealth
 + Level 6.9 Shields


You had 8 spell levels left.
You didn't know any spells.

Dungeon Overview and Level Annotations

Branches:
Dungeon (7/15)             Temple (1/1) D:6

Altars:
Ashenzari
Cheibriados
Dithmenos
Elyvilon
Fedhas
Gozag
Kikubaaqudgha
Makhleb
Nemelex Xobeh
Okawaru
Pakellas
Qazlal
Ru
Vehumet
Yredelemnul
Zin
The Shining One
Lugonu

Shops:
D:5 %


Innate Abilities, Weirdness & Mutations

You are robust (+10% HP).
Your spells are a little easier to cast, but a little less powerful.


Message History

The orc warrior hits you with a short sword!
* * * LOW HITPOINT WARNING * * *
Evoke which item? (* to show all) (? for menu, Esc to quit)
Zapping:
y - a wand of draining {zapped: 3} (will waste charges)
Press: ? - help, Shift-Dir - straight line, f - orc priest
Aim: an orc priest, wielding a flail The bolt of negative energy misses the orc warrior.
The bolt of negative energy misses the orc priest.
The bolt of negative energy hits the orc wizard.
The orc wizard is drained!
The orc wizard is severely wounded.
Evoking this partially-identified wand wasted a few charges.
The orc warrior hits you with a short sword!
* * * LOW HITPOINT WARNING * * *
Unknown command.
Read which item? (? for menu, Esc to quit)
As you read the scroll of teleportation, it crumbles to dust.
You feel strangely unstable.
The orc warrior hits you with a short sword!
You die...

*,,**,,** #.* *#...#**,,,,,,
**,**,,,* ##.* ##...#* ***,,,,
*,,*,,,*** #..####...#* **,,**
*,,*,,,,.*##........#* *,,**
**,,,*,,,..#.........# **,,*
,,,,,,,,,..$.........## **,.**
,,,,,,,,,.............## *...*
,,,,,,,,,.....oo.......###..#*
*,,,,,,,,.....oo@.....≈≈.≈..#
**,,,,,,,......o.)††..≈≈≈..##****
*,,,,,,,,(.....##.....≈_≈≈...,,,,
,,,,,,,,,...###*###..≈≈≈≈≈...,,,,
,,,,,,,,,.##* ##)≈.?≈....,,,*
,,,,,*,,,,,*** ##.((..#....,,**
,,,**,,,,,,,,**###...(#####..,,,,
***,,**,,,,,,..#.....## **,.***,
*,,,>,*,***,.........## *,,,* **


You could see an orc warrior, an orc priest, an orc wizard and 2 orcs.

Vanquished Creatures
  A water moccasin (D:7)
  2 sky beasts
  2 ice beasts (D:6)
  A black bear (D:6)
  2 phantoms
  4 ogres
  2 centaurs
  Blork the orc (D:4)
  A wyvern zombie (D:4)
  A scorpion (D:6)
  A water moccasin skeleton (D:6)
  A giant frog zombie (D:6)
  2 crimson imps
  An orc priest (D:5)
  A quasit (D:6)
  A centaur skeleton (D:7)
  2 hounds
  5 orc wizards
  2 giant frog skeletons (D:6)
  An iguana (D:4)
  8 worker ants
  6 gnolls (D:4)
  9 adders
  A shadow imp (D:7)
  2 adder skeletons
  An adder zombie (D:3)
  3 worms
  A giant gecko (D:3)
  21 orcs
  2 giant cockroaches
  7 goblins
  5 hobgoblins
  9 jackals (D:5)
  A ball python zombie (D:6)
  8 bats
  6 giant newts
  13 kobolds
  A quokka skeleton (D:7)
  A quokka zombie (D:7)
  8 rats
147 creatures vanquished.

Notes
Turn   | Place    | Note
--------------------------------------------------------------
     0 | D:1      | Trivium the Hill Orc Fighter began the quest for the Orb.
     0 | D:1      | Reached XP level 1. HP: 19/19 MP: 1/1
    93 | D:1      | Reached XP level 2. HP: 17/27 MP: 2/2
   837 | D:2      | Reached skill level 4 in Fighting
   837 | D:2      | Reached XP level 3. HP: 33/33 MP: 3/3
   997 | D:2      | Reached skill level 1 in Dodging
  1258 | D:2      | Reached XP level 4. HP: 36/40 MP: 4/4
  1909 | D:3      | Found an oddly glowing altar of Pakellas.
  2475 | D:4      | Noticed an ogre
  2487 | D:4      | Killed an ogre
  2487 | D:4      | Reached XP level 5. HP: 17/47 MP: 5/5
  2772 | D:4      | Reached XP level 6. HP: 47/53 MP: 6/6
  2864 | D:4      | Reached skill level 5 in Axes
  3341 | D:4      | Found an opulent altar of Gozag.
  3341 | D:4      | Found a sparkling altar of Nemelex Xobeh.
  3341 | D:4      | Found a snail-covered altar of Cheibriados.
  3342 | D:4      | Found a sacrificial altar of Ru.
  3360 | D:4      | Found a white marble altar of Elyvilon.
  3588 | D:4      | Noticed Blork the orc
  3599 | D:4      | Killed Blork the orc
  3599 | D:4      | Reached skill level 5 in Fighting
  3599 | D:4      | Reached XP level 7. HP: 52/61 MP: 7/7
  3701 | D:5      | Entered Level 5 of the Dungeon
  3729 | D:5      | Reached skill level 6 in Axes
  3738 | D:5      | Reached skill level 5 in Shields
  3815 | D:5      | Reached skill level 7 in Axes
  4060 | D:5      | Gained mutation: You are robust (+10% HP). [potion of mutation]
  4060 | D:5      | Gained mutation: You are very robust (+20% HP). [potion of mutation]
  4060 | D:5      | Lost mutation: You are very robust (+20% HP). [potion of mutation]
  4064 | D:5      | Reached XP level 8. HP: 16/75 MP: 8/8
  4479 | D:5      | Found Beebrah's Food Shop.
  4796 | D:5      | Reached skill level 8 in Axes
  4872 | D:5      | Reached skill level 5 in Armour
  5180 | D:6      | Found a basalt altar of Yredelemnul.
  5221 | D:6      | Found an ancient bone altar of Kikubaaqudgha.
  5282 | D:6      | Reached skill level 9 in Axes
  5290 | D:6      | Gained mutation: Your spells are a little easier to cast, but a little less powerful. [mutagenic meat]
  5324 | D:6      | Found a staircase to the Ecumenical Temple.
  5353 | Temple   | Entered the Ecumenical Temple
  5399 | Temple   | Became a worshipper of Warmaster Okawaru
  5444 | D:6      | Reached XP level 9. HP: 83/85 MP: 9/9
  5854 | D:7      | Found a blossoming altar of Fedhas.
  5861 | D:7      | Reached skill level 10 in Axes
  6111 | D:7      | Reached * piety under Okawaru
  6237 | D:7      | Slain by an orc warrior

Vault maps used:
D:1:      dpeg_arrival_refuge, minmay_surrounded
D:2:      first_bread
D:3:      eino_curves_02, johnstein_pakellas_death_squad
D:4:      marbit_many_paths, grunt_temple_overflow_open, hangedman_decor_points,
          uniq_blork_the_orc
D:5:      serial_shops, nicolae_shop_crystal, grunt_ministairs_1,
          minmay_misc_feat_cross, kennysheep_boxes
D:6:      overflow_temple_1_default, temple_fountains, basic_altar
D:7:      fedhas_altar_2
Temple:   corrupted_temple

Action                   |  1- 3 |  4- 6 |  7- 9 || total
-------------------------+-------+-------+-------++-------
Melee: War axe           |   121 |   192 |   229 ||   542
       Broad axe         |       |       |    56 ||    56
Evoke: Wand              |       |       |     6 ||     6
  Use: Potion            |       |     2 |     6 ||     8
       Scroll            |       |       |    17 ||    17
  Eat: Meat ration       |       |     2 |       ||     2
       Chunk             |       |     1 |     6 ||     7
       Fruit             |       |     1 |       ||     1
